Map: Cosmic Sapphire

Players

A.I. 2 (Very Easy) - Winner!

  • Race: Zerg Zerg
  • Spawn Location: 11:00

chocolate

  • Race: Protoss Protoss
  • League: Grandmaster
  • Spawn Location: 5:00

VOD

Have the link to the VOD?

Description

Time

  • Played on: Oct. 1, 2022, 7:39 p.m.
  • Length: 5:04
Show
View Real Time Build Order
Export as new Build Order

A.I. 2 (Very Easy) Zerg - Winner!

Build Orders: Hatch First 

Get SALT Encoding   

  12  0:01  Drone  
  13  0:12  Overlord  
  13  0:16  Drone  
  14  0:41  Hatchery  
  13  0:45  Drone  
  14  1:03  Spawning Pool  
  13  1:05  Drone  
  13  1:09  Extractor  
  13  1:13  Drone  
  14  1:20  Overlord  
  14  1:50  Queen  
  14  1:51  Zergling x2  
  14  1:53  Zergling x2  
  18  1:58  Roach Warren  
  17  2:03  Drone  
  17  2:07  Extractor  
  17  2:11  Drone  
  18  2:17  Zergling x2  
  18  2:21  Drone  
  20  2:28  Drone  
  21  2:35  Drone  
  22  2:42  Drone  
  23  2:50  Drone  
  24  2:57  Drone  
  25  3:04  Drone  
  26  3:07  Roach  
  26  3:10  Overlord  
  28  3:14  Drone  
  29  3:21  Drone  
  30  3:29  Drone  
  31  3:36  Drone  
  32  3:43  Drone  
  32  3:45  Overlord  
  33  3:50  Drone  
  33  3:54  Lair  
  34  3:57  Drone  
  34  3:58  Roach  
  37  4:04  Drone  
  38  4:12  Drone  
  39  4:19  Drone  
  40  4:26  Drone  
  40  4:27  Overlord  
  41  4:33  Drone  
  42  4:40  Drone  
  43  4:47  Drone  
  46  4:55  Extractor  
Show
View Real Time Build Order
Export as new Build Order

chocolate Protoss 

Build Orders: 1 Gate Expand, Dark Templar Rush 

Get SALT Encoding   

  12  0:00  Probe  
  13  0:12  Probe  
  14  0:20  Pylon  
  14  0:24  Probe  
  15  0:38  Probe (Chrono Boost)  
  15  0:41  Gateway  
  16  0:46  Assimilator  
  16  0:50  Probe (Chrono Boost)  
  17  0:58  Probe (Chrono Boost)  
  18  1:04  Probe (Chrono Boost)  
  19  1:16  Probe (Chrono Boost)  
  20  1:21  Probe (Chrono Boost)  
  21  1:29  Nexus  
  21  1:37  Cybernetics Core  
  21  1:42  Assimilator  
  21  1:48  Pylon  
  21  1:51  Probe  
  22  2:03  Probe  
  23  2:11  Stalker (Chrono Boost)  
  23  2:14  Warp Gate  
  23  2:15  Probe  
  26  2:25  Twilight Council  
  26  2:27  Probe  
  27  2:34  Adept  
  29  2:39  Probe  
  29  2:41  Probe  
  31  2:48  Robotics Facility  
  31  2:51  Probe  
  31  2:53  Probe  
  33  3:03  Probe  
  34  3:05  Probe  
  35  3:13  Dark Shrine  
  35  3:16  Probe  
  35  3:18  Probe  
  37  3:28  Probe  
  37  3:30  Probe  
  39  3:35  Gateway  
  39  3:38  Gateway  
  39  3:40  Gateway  
  39  3:43  Warp Prism (Chrono Boost), Adept  
  43  3:50  Pylon  
  43  3:52  Probe  
  43  3:53  Probe  
  45  4:04  Probe  
  45  4:05  Pylon  
  45  4:08  Probe  
  47  4:12  Pylon  
  47  4:16  Probe  
  48  4:20  Probe (Chrono Boost)  
  49  4:28  Probe (Chrono Boost)  
  49  4:30  Assimilator x2  
  50  4:32  Probe (Chrono Boost)  
  50  4:33  Pylon  
  52  4:39  Probe (Chrono Boost)  
  52  4:40  Probe (Chrono Boost)  
  52  4:43  Probe (Chrono Boost)  
  54  4:47  Dark Templar  
  54  4:48  Dark Templar x2  
  54  4:51  Dark Templar  
  62  4:57  Nexus  
Tags
 
Add a new tag
Caveats
  • Supply blocks, unpowered buildings, or Contaminate may cause inaccurate times.
  • Supply counts are checked every 10 seconds.